 Dungeon Crawl Stone Soup version 0.27.1-37-g7b29ead8ac (webtiles) character file.

Game seed: 5447544831637094792

34526 sahdkjhfkaj the Peltast (level 13, -1/113 HPs)
             Began as a Hill Orc Fighter on Mar 3, 2023.
             Was a High Priest of Makhleb.
             Slain by a seven-headed hydra (2 damage)
             ... while petrified by a catoblepas
             ... on level 6 of the Lair of Beasts.
             The game lasted 00:28:34 (14484 turns).

sahdkjhfkaj the Peltast (Hill Orc Fighter)         Turns: 14484, Time: 00:28:35

Health: -1/113     AC: 20    Str: 30    XL:     13   Next: 78%
Magic:  20/20      EV:  2    Int:  8    God:    Makhleb [*****.]
Gold:   1730       SH:  0    Dex: 10    Spells: 12/12 levels left

rFire    . . .     SeeInvis .   a - +0 war axe (vamp)
rCold    . . .     Faith    .   c - +0 kite shield
rNeg     + + +     Spirit   .   Q - +0 plate armour
rPois    ∞         Reflect  .   q - +1 helmet
rElec    .         Harm     .   V - +1 cloak
rCorr    .         Rampage  .   (no gloves)
Will     .....                  n - +0 pair of boots
Stlth    ..........             j - amulet of regeneration
HPRegen  1.28/turn              s - +6 ring of strength
MPRegen  0.17/turn              G - ring of poison resistance

@: petrified
A: no striking features
a: Renounce Religion, Minor Destruction, Lesser Servant of Makhleb, Major
Destruction, Greater Servant of Makhleb


You were on level 6 of the Lair of Beasts.
You worshipped Makhleb.
Makhleb was extremely pleased with you.
You visited 3 branches of the dungeon, and saw 17 of its levels.

You collected 1730 gold pieces.

Inventory:

Hand Weapons
 a - a +0 vampiric war axe (weapon)
 b - a +3 vorpal spear
Missiles
 E - 2 throwing nets (quivered) {!f}
Armour
 c - a +0 kite shield (worn)
 n - a +0 pair of boots (worn)
 q - a +1 helmet (worn)
 Q - a +0 plate armour (worn)
 V - a +1 cloak (worn)
Jewellery
 e - an amulet of faith
 j - an amulet of regeneration (around neck)
 s - a +6 ring of strength (left hand)
 v - an amulet of magic regeneration
 y - the amulet of the Air {Inacc Air Fly rElec RMsl}
   (You found it on level 5 of the Dungeon)

   [amulet of nothing]

   It reduces the accuracy of all your attacks.
   It enhances your air magic.
   rElec:     It insulates you from electricity.
   Fly:       It grants you flight.
   RMsl:      It protects you from missiles.
 G - a ring of poison resistance (right hand)
 O - a ring of fire
 R - a ring of protection from cold
 U - an amulet of reflection
Wands
 u - a wand of digging (12)
 w - a wand of flame (41)
 H - a wand of iceblast (1)
 P - a wand of mindburst (20)
 S - a wand of paralysis (11)
Scrolls
 f - 2 scrolls of brand weapon {!r}
 g - 2 scrolls of identify {!r}
 i - 2 scrolls of summoning {!r}
 k - a scroll of silence {!r}
 l - 2 scrolls of magic mapping {!r}
 p - 2 scrolls of enchant weapon {!r}
 r - a scroll of vulnerability {!r}
 t - 3 scrolls of noise {!r}
 J - a scroll of fear {!r}
 K - a scroll of enchant armour {!r}
 L - a scroll of acquirement {!r, unknown}
 M - 2 scrolls of teleportation {!r, unknown}
 N - 4 scrolls of blinking {!r}
 W - a scroll of holy word {!r, unknown}
Potions
 d - 5 potions of curing {!q}
 h - a potion of brilliance {!q}
 m - 2 potions of haste {!q}
 o - 3 potions of heal wounds {!q}
 A - a potion of berserk rage {!q, unknown}
 B - a potion of magic {!q}
 C - a potion of attraction {!q}
 D - a potion of invisibility {!q}
 F - a potion of mutation {!q, unknown}
 I - a potion of ambrosia {!q}
 T - a potion of cancellation {!q, unknown}
Miscellaneous
 x - a tin of tremorstones (inert)
 z - a box of beasts (inert)


   Skills:
 - Level 10.0 Fighting
 + Level 14.7 Axes
 + Level 9.8 Armour
 - Level 15.0 Shields
 - Level 10.0 Invocations
 - Level 5.0 Evocations


You had 12 spell levels left.
You didn't know any spells.
Your spell library contained the following spells:

 Spells                   Type           Power      Damage    Failure   Level
 Magic Dart               Conj           0%         1d3       97%         1
 Shock                    Conj/Air       0%         1d3       97%         1
 Searing Ray              Conj           0%         3d3       99%         2
 Gell's Gravitas          Tloc           0%         N/A       100%        3
 Lesser Beckoning         Tloc           0%         N/A       100%        3
 Stone Arrow              Conj/Erth      0%         3d7       100%        3
 Swiftness                Air            0%         N/A       100%        3
 Teleport Other           Tloc           0%         N/A       100%        3
 Airstrike                Air            0%         N/A       100%        4
 Animate Armour           Summ/Erth      0%         N/A       100%        4
 Fulminant Prism          Conj/Hex       0%         3d6       100%        4
 Leda's Liquefaction      Hex/Erth       0%         N/A       100%        4
 Blade Hands              Tmut           0%         N/A       100%        5
 Bolt of Magma            Conj/Fire/Erth 0%         4d4       100%        5
 Lightning Bolt           Conj/Air       0%         1d11      100%        5
 Iron Shot                Conj/Erth      0%         9d1       100%        6
 Statue Form              Tmut/Erth      0%         N/A       100%        6
 Shatter                  Erth           0%         3d5*      100%        9


Dungeon Overview and Level Annotations

Branches:
Dungeon (11/15)            Temple (1/1) D:5            Lair (4/6) D:9
  Swamp (0/4) Lair:2       Spider (0/4) Lair:2
    Orc: D:9-12

Altars:
Ashenzari
Cheibriados
Dithmenos
Elyvilon
Fedhas
Gozag
Hepliaklqana
Kikubaaqudgha
Makhleb
Nemelex Xobeh
Okawaru
Qazlal
Ru
Sif Muna
Trog
Uskayaw
Vehumet
Wu Jian
Xom
Yredelemnul
Zin
The Shining One

Annotations:
D:9 3 runed translucent doors, AverageBear's ghost, novice DDFi


Message History

A yak comes into view. x2
The water moccasin bites you but does no damage.
The catoblepas gores you.
* * * LOW HITPOINT WARNING * * *
The seven-headed hydra bites you.
* * * LOW HITPOINT WARNING * * *
The seven-headed hydra bites you!
* * * LOW HITPOINT WARNING * * *
The seven-headed hydra bites you but does no damage. x3
The seven-headed hydra bites you.
* * * LOW HITPOINT WARNING * * *
The seven-headed hydra bites you but does no damage.
The yak bellows! x2; You hear a bellow!
The water moccasin bites you.
* * * LOW HITPOINT WARNING * * *
The catoblepas gores you!
* * * LOW HITPOINT WARNING * * *
The seven-headed hydra bites you but does no damage.
The seven-headed hydra bites you.
* * * LOW HITPOINT WARNING * * *
The seven-headed hydra bites you but does no damage. x2
The seven-headed hydra bites you!
* * * LOW HITPOINT WARNING * * *
The seven-headed hydra bites you but does no damage.
The seven-headed hydra bites you!
* * * LOW HITPOINT WARNING * * *
The blink frog blinks!
The water moccasin bites you.
* * * LOW HITPOINT WARNING * * *
The catoblepas gores you!!
* * * LOW HITPOINT WARNING * * *
The seven-headed hydra bites you.
* * * LOW HITPOINT WARNING * * *
The seven-headed hydra bites you but does no damage.
The seven-headed hydra bites you!
* * * LOW HITPOINT WARNING * * *
The seven-headed hydra bites you!
* * * LOW HITPOINT WARNING * * *
The seven-headed hydra bites you.
You die...

####.........8...
##.8..........
#............
###.....#....
#§.......#.
##§....##.# ..
##.B..# # ...
##Y..# F..#
#@DF.#
....####SF.##
.P.....#FF..#
..F....#....#
≈.≈.≈.≈##YY##
.≈.≈.≈FF...#
≈._._.≈F..##
.≈.≈.≈.≈.#.#
≈.≈.≈.≈#####


You could see a catoblepas, a boulder beetle, a seven-headed hydra, 2 yaks, 2
cane toads, 2 blink frogs and a water moccasin.

Vanquished Creatures
  A hydra (Lair:2)
  3 catoblepae (Lair:6)
  A two-headed ogre (D:9)
  The ghost of cbfl8 the Carver, a novice MiMo of Yredelemnul (D:7)
  The ghost of cbfl8 the Protected, a novice MiDe of Yredelemnul (D:7)
  5 death yaks (Lair:6)
  The ghost of vvl the Caller, a novice DrTm of Kikubaaqudgha (D:8)
  The ghost of rozman the Thaumaturge, a novice OpWz of Vehumet (D:8)
  The ghost of Aldia the Destroyer, a novice DECj of Vehumet (D:8)
  3 manticores
  A cyclops (D:9)
  3 centaur zombies (D:10)
  5 elephants (Lair:1)
  3 black mambas
  The ghost of Ironcache the Skirmisher, a novice HuWn of Qazlal (D:4)
  6 cane toads
  Maggie (D:7)
  2 rime drakes
  5 komodo dragons
  Psyche (D:8)
  Grinder (D:5)
  4 blink frogs (Lair:3)
  Sigmund (D:2)
  A shadow (D:10)
  A vampire (D:9)
  6 wyverns
  4 basilisks
  39 yaks
  6 vampire mosquitoes
  Menkaure (D:7)
  3 acid dragons (D:9)
  Duvessa (D:7)
  14 water moccasins
  4 ice beasts
  3 black bears
  4 orc warriors
  A sky beast (D:7)
  14 wolves
  5 centaurs
  A phantom (D:3)
  4 kobold brigands
  Blork the orc (D:4)
  5 bullfrogs
  3 wyvern zombies
  3 gnoll sergeants
  4 scorpions
  Dowan (D:7)
  A killer bee (D:9)
  4 wights (D:7)
  5 howler monkeys
  An electric eel (Lair:1)
  4 hounds
  A bullfrog zombie (D:7)
  A centaur skeleton (D:4)
  A jelly (D:5)
  2 orc priests (D:8)
  A gnoll shaman (D:6)
  Terence (D:3)
  4 iguanas
  Ijyb (D:3)
  Natasha (thrice) (D:3)
  2 orc wizards
  A hound skeleton (D:4)
  Robin (D:3)
  2 howler monkey zombies
  14 gnolls
  9 adders
  A shadow imp (D:7)
  2 white imps
  2 ufetubi
  4 worms
  5 dart slugs
  22 orcs
  10 ball pythons
  9 endoplasms
  5 giant cockroaches
  15 goblins
  9 hobgoblins
  3 jackals (D:4)
  18 kobolds
  5 quokkas
  10 bats
  6 frilled lizards
  6 rats
372 creatures vanquished.

Vanquished Creatures (others)
  27 fungi
  44 plants
71 creatures vanquished.

Grand Total: 443 creatures vanquished

Notes
Turn   | Place    | Note
-------+----------+-------------------------------------------
     0 | D:1      | sahdkjhfkaj the Hill Orc Fighter began the quest for the
                  | Orb.
     0 | D:1      | Reached XP level 1. HP: 19/19 MP: 1/1
   231 | D:1      | Reached XP level 2. HP: 26/26 MP: 2/2
   421 | D:1      | Reached XP level 3. HP: 31/31 MP: 3/3
   544 | D:1      | Found a faded altar of an unknown god.
   559 | D:1      | Reached skill level 5 in Axes
   955 | D:2      | Reached XP level 4. HP: 32/39 MP: 4/4
  1284 | D:2      | Noticed Sigmund
  1315 | D:2      | Killed Sigmund
  1316 | D:2      | Reached XP level 5. HP: 12/45 MP: 5/5
  1316 | D:2      | Reached XP level 6. HP: 14/51 MP: 6/6
  2299 | D:3      | Noticed Ijyb
  2301 | D:3      | Paralysed by Ijyb for 7 turns
  2314 | D:3      | Paralysed by Ijyb for 6 turns
  2322 | D:3      | Killed Ijyb
  2397 | D:3      | Noticed Robin
  2417 | D:3      | Killed Robin
  2469 | D:3      | Found a white marble altar of Elyvilon.
  2470 | D:3      | Found a sparkling altar of Nemelex Xobeh.
  2473 | D:3      | Found a shimmering blue altar of Sif Muna.
  2473 | D:3      | Noticed Terence
  2486 | D:3      | Killed Terence
  2560 | D:3      | Noticed Natasha
  2563 | D:3      | Killed Natasha
  2633 | D:3      | Noticed Natasha
  2637 | D:3      | Killed Natasha
  2682 | D:3      | Noticed Natasha
  2690 | D:3      | Killed Natasha
  2739 | D:3      | Found a hide-covered altar of Uskayaw.
  2747 | D:3      | Reached XP level 7. HP: 57/57 MP: 7/7
  2750 | D:3      | Found a shimmering altar of Xom.
  2751 | D:3      | Found a shadowy altar of Dithmenos.
  2843 | D:3      | Reached skill level 10 in Axes
  3350 | D:4      | Noticed Blork the orc
  3376 | D:4      | Killed Blork the orc
  3729 | D:4      | Reached skill level 4 in Shields
  3770 | D:4      | Reached XP level 8. HP: 65/66 MP: 8/8
  3795 | D:4      | Found an opulent altar of Gozag.
  3833 | D:4      | Found a large runed translucent door.
  3836 | D:4      | Found a large runed translucent door.
  3837 | D:4      | Noticed Ironcache's ghost (novice HuWn)
  3955 | D:4      | Found a hazy altar of Hepliaklqana.
  4110 | D:4      | Killed Ironcache's ghost
  4111 | D:4      | Reached skill level 5 in Fighting
  4111 | D:4      | Reached skill level 5 in Shields
  4176 | D:5      | Entered Level 5 of the Dungeon
  4227 | D:5      | Found a staircase to the Ecumenical Temple.
  4232 | Temple   | Entered the Ecumenical Temple
  4317 | Temple   | Became a worshipper of Makhleb the Destroyer
  4406 | D:5      | Reached skill level 6 in Shields
  4772 | D:5      | Reached skill level 7 in Shields
  4777 | D:5      | Noticed Grinder
  4781 | D:5      | Paralysed by Grinder for 5 turns
  4789 | D:5      | Paralysed by Grinder for 7 turns
  4805 | D:5      | Killed Grinder
  4806 | D:5      | Reached XP level 9. HP: 61/78 MP: 9/9
  4869 | D:5      | Found the amulet of the Air {Inacc Air Fly rElec RMsl}
  5112 | D:6      | Reached * piety under Makhleb
  5114 | D:6      | Reached skill level 8 in Shields
  5162 | D:6      | Found a glowing golden altar of the Shining One.
  5673 | D:6      | Reached skill level 9 in Shields
  5994 | D:7      | Noticed Maggie
  5997 | D:7      | Noticed Menkaure
  5997 | D:7      | Noticed Duvessa
  6000 | D:7      | Noticed Dowan
  6008 | D:7      | Killed Maggie
  6009 | D:7      | Killed Menkaure
  6011 | D:7      | Killed Duvessa
  6012 | D:7      | Reached skill level 10 in Shields
  6015 | D:7      | Killed Dowan
  6135 | D:7      | Reached ** piety under Makhleb
  6136 | D:7      | Reached XP level 10. HP: 90/90 MP: 10/10
  6247 | D:7      | Found a snail-covered altar of Cheibriados.
  6999 | D:8      | Reached skill level 11 in Shields
  7106 | D:8      | Found a radiant altar of Vehumet.
  7108 | D:8      | Noticed Psyche
  7317 | D:8      | Killed Psyche
  7409 | D:8      | Found a runed translucent gate.
  7409 | D:8      | Noticed rozman's ghost (novice OpWz)
  7409 | D:8      | Noticed vvl's ghost (novice DrTm)
  7410 | D:8      | Found a runed translucent gate.
  7410 | D:8      | Found a runed translucent gate.
  7410 | D:8      | Noticed Aldia's ghost (novice DECj)
  7410 | D:8      | Noticed cbfl8's ghost (novice MiDe)
  7410 | D:8      | Noticed cbfl8's ghost (novice MiMo)
  7583 | D:9      | Reached skill level 12 in Shields
  7598 | D:9      | Reached skill level 10 in Fighting
  7606 | D:9      | Found a staircase to the Lair.
  7664 | D:9      | Reached *** piety under Makhleb
  7940 | D:9      | Reached skill level 1 in Evocations
  7940 | D:9      | Reached XP level 11. HP: 94/99 MP: 11/11
  8083 | D:9      | Reached skill level 13 in Shields
  8159 | D:9      | Found a runed translucent gate.
  8159 | D:9      | Found a runed translucent gate.
  8159 | D:9      | Found a runed translucent gate.
  8161 | D:9      | Noticed an 11-headed hydra
  8161 | D:9      | Noticed AverageBear's ghost (novice DDFi)
  8212 | D:9      | Noticed a cyclops
  8225 | D:9      | Killed a cyclops
  8703 | D:10     | Entered Level 10 of the Dungeon
  8962 | D:10     | Noticed a two-headed ogre
  9039 | D:9      | Killed a two-headed ogre
  9040 | D:9      | Reached skill level 14 in Shields
  9110 | D:10     | Reached **** piety under Makhleb
  9275 | D:10     | Found an iron altar of Okawaru.
  9591 | D:11     | Noticed a manticore
  9591 | D:11     | Noticed a manticore
  9601 | D:10     | Killed a manticore
  9602 | D:10     | Reached skill level 1 in Invocations
  9827 | Lair:1   | Entered Level 1 of the Lair of Beasts
  9850 | Lair:1   | Reached skill level 5 in Evocations
 10158 | Lair:1   | Reached XP level 12. HP: 68/106 MP: 13/13
 10457 | Lair:1   | Reached skill level 15 in Shields
 10475 | Lair:1   | Reached skill level 5 in Armour
 10658 | Lair:1   | Reached skill level 5 in Invocations
 11123 | Lair:2   | Noticed an eight-headed hydra
 11328 | Lair:2   | Noticed an eight-headed hydra
 11651 | D:7      | Killed cbfl8's ghost
 11693 | D:7      | Killed cbfl8's ghost
 11812 | D:8      | Killed vvl's ghost
 11823 | D:8      | Killed Aldia's ghost
 11998 | D:8      | Killed rozman's ghost
 12268 | D:8      | Found a radiant altar of Vehumet.
 12483 | Lair:2   | Killed an eight-headed hydra
 12657 | Lair:2   | Found a hole to the Spider Nest.
 12909 | Lair:2   | Reached XP level 13. HP: 113/113 MP: 18/18
 13023 | Lair:2   | Found a staircase to the Swamp.
 13321 | Lair:3   | Reached ***** piety under Makhleb
 13565 | Lair:3   | Identified the +5 whip "Jaweblos" {drain, +Rage rN+++ rCorr
                  | Int-3}
 13913 | Lair:4   | You fall into a shaft and drop 2 floors!
 13913 | Lair:6   | Entered Level 6 of the Lair of Beasts
 14255 | Lair:6   | Reached skill level 10 in Invocations
 14436 | Lair:6   | Got the Almanac of Blows and Bruises
 14438 | Lair:6   | Found an ornate altar of the Wu Jian Council.
 14438 | Lair:6   | Found a hide-covered altar of Uskayaw.
 14484 | Lair:6   | HP: 1/113 [seven-headed hydra (5)]
 14484 | Lair:6   | Slain by a seven-headed hydra

Illustrated notes

Levels and vault maps discovered:
D:1:      eino_arrival_druids_welcome, layout_rooms,
          ebering_ecumenical_altar_sacrificial, st_stairs_13,
          minmay_split_cup_small
D:2:      layout_basic, uniq_sigmund
D:3:      layout_loops_ring, grunt_temple_overflow_open, minitemple, uniq_robin,
          uniq_ijyb, uniq_natasha, uniq_terence
D:4:      layout_cave_pods, lemuel_round_altar, nicolae_gozag_seed_capital,
          ebering_ghost_disaster_area, uniq_blork_the_orc
D:5:      layout_loops_ring, minmay_temple_entry_statues_pillars,
          kennysheep_big_empty_room, uniq_grinder
D:6:      layout_loops_cross, mainiacjoe_overflow_concentric_impassable
D:7:      layout_cave_pods, cheibrodos_worm_habitat, uniq_menkaure,
          uniq_duvessa, uniq_maggie
D:8:      layout_loops_ring, lemuel_tele_altar, gammafunk_ghost_cemetery,
          uniq_psyche
D:9:      minmay_the_grid_plus_closed [minmay_the_grid_gridbox,
          minmay_the_grid_dragon_b, minmay_the_grid_spikes,
          minmay_the_grid_square_x, minmay_the_grid_prize_big_room],
          layout_loops_ring, minmay_lair_entry_grove, gammafunk_ghost_hydra_chop
D:10:     layout_long_grid, amcnicky_altar_gilded
D:11:     layout_rooms, dk_noncrumbling_3, st_stairs_8, elyvilon_altar_5
Temple:   zaba_magenta_temple
Lair:1:   layout_layer_cave, infiniplex_staircase_pool_2, serial_bayou_shore_a,
          grunt_megastairs_2
Lair:2:   layout_small_grid, minmay_swamp_entry_swarm,
          spider_nest_entry_web_field, lemuel_old_faithful
Lair:3:   layout_roguey
Lair:4:   statuecave_lemuel, layout_regular_city, st_stairs_8,
          minmay_shattered_shrine
Lair:6:   evilmike_catoblepas_cave, layout_concentric_octagons, ldierk_geyser,
          nzn_masters_of_martial_movement

Skill      XL: |  1  2  3  4  5  6  7  8  9 10 11 12 13 |
---------------+----------------------------------------+-----
Axes           | 3 4 5 8 9 11 13 14 | 14.7
Fighting       | 4 6 8 10 | 10.0
Shields        | 4 7 10 12 14 15 | 15.0
Evocations     | 1 5 |  5.0
Invocations    | 2 7 10 | 10.0
Armour         | 4 7 9 |  9.8

Action                   |  1- 3 |  4- 6 |  7- 9 | 10-12 | 13-15 || total
-------------------------+-------+-------+-------+-------+-------++-------
Melee: War axe           |    81 |   149 |   385 |   832 |   303 ||  1750
       Spear             |       |       |       |    17 |       ||    17
Evoke: Wand              |       |       |     1 |    10 |     1 ||    12
       Box of beasts     |       |       |       |     1 |     1 ||     2
       Tin of tremorston |       |       |       |       |     2 ||     2
  Use: Potion            |       |     3 |     4 |     6 |       ||    13
       Scroll            |       |     1 |     3 |     9 |       ||    13
 Stab: Paralysed         |       |       |     5 |       |       ||     5
       Petrified         |       |       |       |       |     8 ||     8
Armor: Scale mail        |    57 |    86 |   151 |   134 |       ||   428
       Plate armour      |       |       |       |   184 |   148 ||   332
Dodge: Dodged            |    32 |    61 |   142 |   228 |    75 ||   538
Block: Kite shield       |       |       |   152 |   643 |   160 ||   955
